 Dungeon Crawl Stone Soup version 0.18.1-8-gdd0e5ea (webtiles) character file.

28 jacquesderrida the Charmwright (level 3, 17/27 HPs)
             Began as a Demonspawn Skald on May 21, 2016.
             Quit the game on level 2 of the Dungeon.
             The game lasted 00:01:02 (577 turns).

jacquesderrida the Charmwright (Demonspawn Skald)    Turns: 577, Time: 00:01:02

Health: 17/27      AC:  7    Str: 12    XL:     3   Next: 0%
Magic:  6/6        EV: 11    Int: 13    God:
Gold:   104        SH:  0    Dex: 13    Spells: 1 memorised, 5 levels left

rFire  . . .     SeeInvis .     a - +0 spear
rCold  . . .     Gourm    .     b - +0 leather armour
rNeg   . . .     Faith    .     (no shield)
rPois  .         Spirit   .     (no helmet)
rElec  .         Dismiss  .     (no cloak)
rCorr  .         Reflect  .     (no gloves)
SustAt .         Harm     .     i - +2 pair of boots {run}
MR     .....                    (no amulet)
Stlth  +.........               (no ring)
                                (no ring)

@: quick, not resistant to hostile enchantments, very unstealthy
A: rugged brown scales 1, demonic guardian 1
a: no special abilities


You were on level 2 of the Dungeon.
You were not hungry.

You visited 1 branch of the dungeon, and saw 2 of its levels.

You collected 104 gold pieces.

Inventory:

Hand Weapons
 a - a +0 spear (weapon)
Armour
 b - a +0 leather armour (worn)
 i - a +2 pair of boots of running (worn)
Scrolls
 e - 4 scrolls of identify {unknown}
 g - 2 scrolls of immolation {unknown}
 j - a scroll of teleportation {unknown}
 k - 2 scrolls of remove curse {unknown}
Potions
 f - 2 potions of curing {unknown}
 h - a potion of lignification {unknown}
 m - a potion of flight {unknown}
Books
 c - a book of Battle

   Spells                             Type                      Level
   a - Infusion                       Charms                       1
   b - Shroud of Golubria             Charms/Translocation         2
   c - Song of Slaying                Charms                       2
   d - Spectral Weapon                Hexes/Charms                 3
   e - Regeneration                   Charms/Necromancy            3
Comestibles
 d - 2 bread rations
 l - a meat ration


   Skills:
 + Level 2.0 Fighting
 + Level 2.0 Polearms
 + Level 1.0 Armour
 + Level 1.1 Dodging
 + Level 2.3 Spellcasting
 + Level 3.2 Charms


You had 5 spell levels left.
You knew the following spells:

 Your Spells              Type           Power        Failure   Level  Hunger
a - Infusion              Chrm           #...         12%         1    #......


Dungeon Overview and Level Annotations

Branches:
Dungeon (2/15)

Altars:


Innate Abilities, Weirdness & Mutations

You are partially covered in rugged brown scales (AC +1, +3% HP).
A weak demonic guardian rushes to your aid.


Message History

The goblin shoots a stone.
The stone hits you.
You see here a stone.
The goblin shoots a stone.
The stone hits you but does no damage.
Found a leather armour and 16 poisoned needles.
You see here a stone.
The goblin shoots a stone.
The stone hits you.
Found 10 gold pieces.
You see here a stone.
You hit the goblin.
The goblin is heavily wounded.
The goblin unwields an uncursed hunting sling.
The goblin closely misses you.
You hit the goblin.
You kill the goblin!
You have reached level 3!
Your experience leads to an increase in your attributes!
Increase (S)trength, (I)ntelligence, or (D)exterity?
You feel agile.
Your demonic ancestry asserts itself...
Rugged brown scales grow over part of your body.
Are you sure you want to abandon this character and quit the game? (Confirm with "yes".)

.........†##.##.#
............(##.#
.....>####'(#####
.....##.....(.(##
....##..........##
...##.........(..##
..##...........(..##
.##.............(..##
.# .............@...#
.# .............)...#
.# ....#..#.......#
.# ....##........# ##
...##........# #
.#([#.......# #
..........$# #
...........# #


There were no monsters in sight!

Vanquished Creatures
  An ooze (D:2)
  2 giant geckos
  2 bats
  A giant cockroach (D:2)
  3 goblins
  5 hobgoblins
  3 kobolds
  2 rats (D:2)
19 creatures vanquished.

Notes
Turn   | Place    | Note
--------------------------------------------------------------
     0 | D:1      | jacquesderrida the Demonspawn Skald began the quest for the Orb.
     0 | D:1      | Reached XP level 1. HP: 16/16 MP: 3/3
   123 | D:1      | Reached skill level 3 in Charms
   135 | D:1      | Identified a +2 pair of boots of running (You found it on level 1 of the Dungeon)
   198 | D:1      | Gained mutation: A weak demonic guardian rushes to your aid. [demonic ancestry]
   198 | D:1      | Reached XP level 2. HP: 21/22 MP: 5/5
   256 | D:1      | Reached skill level 1 in Dodging
   392 | D:2      | Reached skill level 1 in Armour
   576 | D:2      | Gained mutation: You are partially covered in rugged brown scales (AC +1, +3% HP). [demonic ancestry]
   576 | D:2      | Reached XP level 3. HP: 17/27 MP: 6/6
   577 | D:2      | Quit the game

Skill      XL: |  1  2 |
---------------+-------+-----
Charms         | 3 |  3.2
Dodging        | 1 |  1.1
Polearms       | 2 |  2.0
Armour         | 1 |  1.0
Fighting       | |  2.0
Spellcasting   | |  2.3

Action                   || total
-------------------------++-------
Melee: Spear             ||    80
Armor: Leather armour    ||    23
Dodge: Dodged            ||    43
